Description

Based off beastyqt take on a nerchio? build. Works mostly vs terran and protoss. Use overlord to get vision up the ramp and Corrosive Bile everything in your way

Replay - 12 Pool Ravager All-In

Build Order

Get SALT Encoding   

  12  0:18  Spawning Pool  
  11  0:22  Extractor  3 Drones
  11  0:25  Drone  
  11  0:30  Drone  
  12  0:36  Drone  
  13  0:44  Drone  
  14  0:51  Overlord  Send just outside enemy ramp
  14  1:09  Roach Warren  
  13  1:12  Extractor  3 Drones
  13  1:17  Drone x2  
  14  1:50  Roach x3  
  20  2:10  Spore Crawler  Cancel After Morphing Ravagers
  20  2:11  Ravager x3  
  23  2:16  Overlord  Send just outside enemy ramp
  23  2:35  Roach x2  
  27  2:44  Roach  
  29  3:04  Overlord  
  29  3:15  Ravager  
  27  3:22  Roach  
  26  3:30  Ravager x2  
  28  3:37  Roach x2  
  32  3:44  Roach  
  31  3:55  Ravager  
Spawning Tool Build Advisor. Get it on Overwolf

Go to:

Details

  • Created by: unhedged
  • Published on: Apr 08, 2018
  • Modified on: Apr 08, 2018
  • Patch: 4.0.0
Show
View Real Time Build Order
Export as new Build Order

Comments (0)

There are no comments. Be the first!

Create an account to comment!